 Dungeon Crawl Stone Soup version 0.21-b1-21-g86478ac (webtiles) character file.

2029 KeeTraxx the Insei (level 9, -11/67 HPs)
             Began as a Gnoll Transmuter on Jan 4, 2018.
             Mangled by an orc warrior
             ... wielding a +0 scimitar
              (13 damage)
             ... on level 6 of the Dungeon.
             The game lasted 00:25:19 (6153 turns).

KeeTraxx the Insei (Gnoll Transmuter)               Turns: 6153, Time: 00:25:20

Health: -11/67     AC:  8    Str: 12    XL:     9   Next: 23%
Magic:  18/18      EV: 18    Int: 20    God:
Gold:   332        SH:  5    Dex: 15    Spells: 14/20 levels left

rFire    . . .     SeeInvis .   a - +7 spear "Zuossikozes" {pierce, rElec Stlth+}
rCold    . . .     Gourm    +   m - +0 buckler
rNeg     . . .     Faith    .   t - +0 leather armour
rPois    .         Spirit   .   B - +1 helmet
rElec    +         Reflect  .   C - +0 cloak
rCorr    .         Harm     .   M - +0 pair of gloves
MR       .....                  (boots currently unavailable)
Stlth    +++.......             l - amulet of the gourmand
HPRegen  0.21/turn              H - ring of flight
MPRegen  0.16/turn              O - +3 ring of evasion

@: appendage, hasted, very quick
A: distributed training, fangs 1, talons 3, strong nose
a: End Transformation, Evoke Flight


You were on level 6 of the Dungeon.
You were completely stuffed.
You had grown temporary talons.
You visited 1 branch of the dungeon, and saw 6 of its levels.

You collected 332 gold pieces.

Inventory:

Hand Weapons
 a - the +7 spear "Zuossikozes" (weapon) {pierce, rElec Stlth+}
   (You found it on level 5 of the Dungeon)

   It inflicts extra damage upon your enemies.
   It insulates you from electricity.
   It makes you more stealthy.
 b - a +0 hunting sling
Missiles
 i - 129 stones (quivered)
 k - 8 javelins
 q - 33 sling bullets
 K - 126 arrows
Armour
 m - a +0 buckler (worn)
 t - a +0 leather armour (worn)
 B - a +1 helmet (worn)
 C - a +0 cloak (worn)
 D - a +0 pair of boots
 I - a +0 robe
 M - a +0 pair of gloves (worn)
Magical Staves
 N - an uncursed staff of summoning
Jewellery
 l - an amulet of the gourmand (around neck)
 H - a ring of flight (left hand)
 O - a +3 ring of evasion (right hand)
Wands
 s - a wand of flame (17)
 A - a wand of clouds (7)
Scrolls
 e - 3 scrolls of remove curse
 g - 3 scrolls of enchant armour
 h - 3 scrolls of immolation {unknown}
 p - 7 scrolls of identify
 r - a scroll of teleportation {unknown}
 w - a scroll of amnesia {unknown}
 y - a scroll of magic mapping {unknown}
 F - a scroll of enchant weapon {unknown}
 G - a scroll of fog {unknown}
 J - a scroll of noise {unknown}
Potions
 f - 2 potions of flight {unknown}
 j - a potion of invisibility {unknown}
 n - 2 potions of agility {unknown}
 o - a potion of berserk rage {unknown}
 u - a potion of ambrosia {unknown}
 v - 3 potions of curing {unknown}
 x - a potion of brilliance {unknown}
 z - a potion of heal wounds {unknown}
 E - a potion of magic {unknown}
 L - a potion of haste
 Q - a potion of lignification {unknown}
Books
 c - a book of Changes

   Spells                             Type                      Level
   a - Beastly Appendage              Transmutation                1
   b - Sticks to Snakes               Transmutation                2
   c - Spider Form                    Transmutation/Poison         3
   d - Ice Form                       Ice/Transmutation            4
   e - Blade Hands                    Transmutation                5
Comestibles
 d - 10 rations


   Skills:
 + Level 4.8 Fighting
 + Level 4.0 Short Blades
 + Level 4.0 Long Blades
 + Level 4.0 Axes
 + Level 4.0 Maces & Flails
 + Level 4.0 Polearms
 + Level 4.0 Staves
 + Level 4.0 Slings
 + Level 4.0 Bows
 + Level 4.0 Crossbows
 + Level 4.0 Throwing
 + Level 4.0 Armour
 + Level 6.1 Dodging
 + Level 4.0 Stealth
 + Level 4.0 Shields
 + Level 7.7 Unarmed Combat
 + Level 6.4 Spellcasting
 + Level 3.2 Conjurations
 + Level 3.2 Hexes
 + Level 3.2 Charms
 + Level 3.2 Summonings
 + Level 3.2 Necromancy
 + Level 3.2 Translocations
 + Level 5.1 Transmutations
 + Level 3.2 Fire Magic
 + Level 3.2 Ice Magic
 + Level 3.2 Air Magic
 + Level 3.2 Earth Magic
 + Level 3.2 Poison Magic
 + Level 4.3 Invocations
 + Level 4.0 Evocations


You had 14 spell levels left.
You knew the following spells:

 Your Spells              Type           Power        Failure   Level  Hunger
a - Beastly Appendage     Tmut           ####..       1%          1    None
b - Sticks to Snakes      Tmut           ####....     2%          2    None
c - Spider Form           Tmut/Pois      ###.......   7%          3    ##.....


Dungeon Overview and Level Annotations

Branches:
Dungeon (6/15)
 Temple: D:4-7

Altars:
Sif Muna

Shops:
D:4 *   D:6 !

Annotations:
D:6 3 runed doors


Innate Abilities, Weirdness & Mutations

Your experience applies equally to all skills.
You have very sharp teeth.
Your uncanny sense of smell can sniff out nearby items.
You have claws for feet.


Message History

You hit the orc warrior.
The orc warrior is severely wounded.
The orc warrior hits you with a scimitar!
* * * LOW HITPOINT WARNING * * *
You completely miss the orc warrior.
The orc warrior is severely wounded.
The orc warrior hits you but does no damage.
The shadow imp summons a swarm of flies.
You feel yourself speed up.
The orc warrior hits you with a scimitar!
* * * LOW HITPOINT WARNING * * *
You barely miss the orc warrior. You claw the orc warrior.
The orc warrior is severely wounded.
Unknown command.
You hit the orc warrior but do no damage.
Your kick misses the orc warrior.
The orc warrior is severely wounded.
The shadow imp summons a swarm of flies.
The orc warrior hits you with a scimitar!
You die...

.........# ........)#
.........# .........#
.........#######
.....oo..#......
.....oo..#......
######o.#......
+...@o5).....#
.#######..#####
..........##
...........#
...........#
...........##
............#
###########.###.......
#...+.......


You could see an orc warrior, an orc wizard and a shadow imp.

Vanquished Creatures
  The ghost of Plasmagod the Slasher, a novice MiFi of Okawaru (D:5)
  Grinder (D:3)
  A water moccasin (D:5)
  An ice beast (D:6)
  An orc warrior (D:4)
  4 ogres
  2 centaurs
  A howler monkey (D:4)
  2 hounds
  Crazy Yiuf (D:3)
  An orc priest (D:5)
  A centaur skeleton (D:5)
  Ijyb (D:3)
  4 orc wizards
  4 worker ants
  A hound skeleton (D:4)
  Robin (D:3)
  6 adders
  A shadow imp (D:6)
  An ooze (D:4)
  An adder zombie (D:5)
  An adder skeleton (D:5)
  5 worms
  4 dart slugs
  2 leopard geckos
  18 orcs
  4 giant cockroaches
  6 hobgoblins
  2 jackals (D:5)
  4 kobolds
  4 quokkas
  2 ball pythons (D:4)
  4 bats
  4 frilled lizards
  13 goblins
  6 rats
  A fungus (D:3)
117 creatures vanquished.

Notes
Turn   | Place    | Note
-------+----------+-------------------------------------------
     0 | D:1      | KeeTraxx the Gnoll Transmuter began the quest for the Orb.
     0 | D:1      | Reached XP level 1. HP: 17/17 MP: 6/6
   177 | D:1      | Reached XP level 2. HP: 23/23 MP: 5/7
   187 | D:1      | Learned a level 2 spell: Sticks to Snakes
   595 | D:1      | Reached XP level 3. HP: 28/28 MP: 7/9
   600 | D:1      | Learned a level 3 spell: Spider Form
   949 | D:2      | Reached skill level 5 in Spellcasting
   977 | D:2      | Reached skill level 1 in Invocations
  1412 | D:2      | Reached skill level 1 in Short Blades
  1412 | D:2      | Reached skill level 1 in Long Blades
  1412 | D:2      | Reached skill level 1 in Axes
  1412 | D:2      | Reached skill level 1 in Maces & Flails
  1412 | D:2      | Reached skill level 1 in Polearms
  1412 | D:2      | Reached skill level 1 in Staves
  1412 | D:2      | Reached skill level 1 in Slings
  1412 | D:2      | Reached skill level 1 in Bows
  1412 | D:2      | Reached skill level 1 in Crossbows
  1412 | D:2      | Reached skill level 1 in Throwing
  1412 | D:2      | Reached skill level 1 in Armour
  1412 | D:2      | Reached skill level 1 in Stealth
  1412 | D:2      | Reached skill level 1 in Shields
  1412 | D:2      | Reached skill level 1 in Evocations
  1646 | D:3      | Noticed Ijyb
  1659 | D:3      | Killed Ijyb
  1659 | D:3      | Reached XP level 4. HP: 7/34 MP: 3/11
  2053 | D:3      | Reached skill level 1 in Conjurations
  2053 | D:3      | Reached skill level 1 in Hexes
  2053 | D:3      | Reached skill level 1 in Charms
  2053 | D:3      | Reached skill level 1 in Summonings
  2053 | D:3      | Reached skill level 1 in Necromancy
  2053 | D:3      | Reached skill level 1 in Translocations
  2053 | D:3      | Reached skill level 1 in Fire Magic
  2053 | D:3      | Reached skill level 1 in Ice Magic
  2053 | D:3      | Reached skill level 1 in Air Magic
  2053 | D:3      | Reached skill level 1 in Earth Magic
  2053 | D:3      | Reached skill level 1 in Poison Magic
  2507 | D:3      | Noticed Grinder
  2541 | D:3      | Paralysed by Grinder for 5 turns
  2555 | D:3      | Killed Grinder
  2555 | D:3      | Reached XP level 5. HP: 15/41 MP: 10/12
  2555 | D:3      | Reached XP level 6. HP: 18/47 MP: 11/14
  2765 | D:3      | Noticed Robin
  2818 | D:3      | Killed Robin
  2818 | D:3      | Reached skill level 5 in Dodging
  3061 | D:3      | Found a runed door.
  3066 | D:3      | Noticed Crazy Yiuf
  3083 | D:3      | Killed Crazy Yiuf
  3142 | D:4      | Found Doipn's Elemental Accessories.
  3148 | D:4      | Reached XP level 7. HP: 52/52 MP: 11/15
  3287 | D:4      | Reached skill level 7 in Unarmed Combat
  4142 | D:5      | Entered Level 5 of the Dungeon
  4333 | D:5      | Noticed Plasmagod's ghost (novice MiFi)
  4453 | D:5      | Reached XP level 8. HP: 60/60 MP: 6/16
  4585 | D:5      | Got a crude spear
  4588 | D:5      | Identified the +7 spear "Zuossikozes" {pierce, rElec Stlth+} (You found it on level 5 of the Dungeon)
  5123 | D:5      | Killed Plasmagod's ghost
  5193 | D:5      | Reached XP level 9. HP: 49/66 MP: 16/18
  5286 | D:5      | Found a deep blue altar of Sif Muna.
  5300 | D:5      | Reached skill level 5 in Transmutations
  5742 | D:6      | Found Bem Diuq's Distillery.
  5786 | D:6      | Found a runed door.
  5971 | D:6      | Found a runed gate.
  5976 | D:6      | Found the +9 staff of Olgreb {rPois}
  5977 | D:6      | Found a runed door.
  6151 | D:6      | HP: 2/67 [orc warrior/scimitar (17)]
  6153 | D:6      | Mangled by an orc warrior

Skill      XL: |  1  2  3  4  5  6  7  8  9 |
---------------+----------------------------+-----
Spellcasting   | 5 6 |  6.4
Invocations    | 1 2 3 4 |  4.3
Short Blades   | 1 2 3 4 |  4.0
Long Blades    | 1 2 3 4 |  4.0
Axes           | 1 2 3 4 |  4.0
Maces & Flails | 1 2 3 4 |  4.0
Polearms       | 1 2 3 4 |  4.0
Staves         | 1 2 3 4 |  4.0
Slings         | 1 2 3 4 |  4.0
Bows           | 1 2 3 4 |  4.0
Crossbows      | 1 2 3 4 |  4.0
Throwing       | 1 2 3 4 |  4.0
Armour         | 1 2 3 4 |  4.0
Stealth        | 1 2 3 4 |  4.0
Shields        | 1 2 3 4 |  4.0
Evocations     | 1 2 3 4 |  4.0
Conjurations   | 1 2 3 |  3.2
Hexes          | 1 2 3 |  3.2
Charms         | 1 2 3 |  3.2
Summonings     | 1 2 3 |  3.2
Necromancy     | 1 2 3 |  3.2
Translocations | 1 2 3 |  3.2
Fire Magic     | 1 2 3 |  3.2
Ice Magic      | 1 2 3 |  3.2
Air Magic      | 1 2 3 |  3.2
Earth Magic    | 1 2 3 |  3.2
Poison Magic   | 1 2 3 |  3.2
Fighting       | 3 4 |  4.8
Transmutations | 4 5 |  5.1
Dodging        | 5 6 |  6.1
Unarmed Combat | 7 |  7.7

Action                   |  1- 3 |  4- 6 |  7- 9 || total
-------------------------+-------+-------+-------++-------
Melee: Unarmed           |    88 |    74 |    77 ||   239
       Kick              |     9 |     2 |    18 ||    29
       Headbutt          |     9 |     1 |       ||    10
       Bite              |     5 |     3 |     6 ||    14
       Spear             |       |       |   117 ||   117
 Fire: Hunting sling     |       |       |     4 ||     4
Throw: Stone             |       |       |     1 ||     1
 Cast: Beastly Appendage |    22 |     4 |    11 ||    37
       Spider Form       |     3 |     9 |    10 ||    22
       Sticks to Snakes  |       |     1 |     3 ||     4
  Use: Scroll            |       |       |     4 ||     4
       Potion            |       |       |     1 ||     1
 Stab: Sleeping          |     4 |       |     4 ||     8
  Eat: Chunk             |     9 |    12 |    10 ||    31
Armor: Robe              |    13 |       |       ||    13
       Leather armour    |       |     1 |    23 ||    24
       Skin              |       |     1 |     2 ||     3
Dodge: Dodged            |    56 |    27 |    90 ||   173
Block: Buckler           |     3 |       |    23 ||    26
